 Dungeon Crawl Stone Soup version 0.25-a0-611-g6918904 (webtiles) character file.

Game seed: 5807831419344365110, levelgen mode: deterministic

6631 BlueFish the Covert (level 11, 0/72 HPs)
             Began as an Octopode Assassin on Mar 16, 2020.
             Was a Believer of Dithmenos.
             Slain by a wolf (7 damage)
             ... on level 9 of the Dungeon on Mar 17, 2020.
             The game lasted 00:35:02 (10453 turns).

BlueFish the Covert (Octopode Assassin)            Turns: 10453, Time: 00:35:03

Health: 0/72       AC:  8    Str: 10    XL:     11   Next: 2%
Magic:  10/12      EV: 17    Int: 16    God:    Dithmenos [**....]
Gold:   407        SH:  0    Dex: 18    Spells: 10/10 levels left

rFire    + . .     SeeInvis +   h - +2 dagger (protect)
rCold    . . .     Gourm    .   (no shield)
rNeg     + . .     Faith    .   (helmet restricted)
rPois    .         Spirit   .   (no amulet)
rElec    .         Reflect  .   i - ring of protection from magic
rCorr    .         Harm     .   o - ring of see invisible
MR       +....                  f - ring of Hamotoc {rF+ rN+ Int+3}
Stlth    +++++++++.             (no ring)
HPRegen  0.22/turn              (no ring)
MPRegen  0.13/turn              (no ring)
                                (no ring)
                                (no ring)

@: protection aura, wreathed by umbra
A: almost no armour, stealthy swim, amphibious, 8 rings, constrict 8, camouflage
1, gelatinous body 1
a: Shadow Step, Renounce Religion


You were on level 9 of the Dungeon.
You worshipped Dithmenos.
Dithmenos was pleased with you.
You were not hungry.

You visited 1 branch of the dungeon, and saw 10 of its levels.
You also visited: Sewer.

You collected 407 gold pieces.

Inventory:

Hand Weapons
 a - a +2 dagger of draining
 h - a +2 dagger of protection (weapon)
Missiles
 b - 35 poisoned darts
 g - 4 atropa-tipped darts (quivered)
 s - a curare-tipped dart
Jewellery
 f - the ring of Hamotoc (on tentacle) {rF+ rN+ Int+3}
   (You acquired it on level 7 of the Dungeon)

   [ring of protection from fire]

   It affects your intelligence (+3).
   It protects you from fire.
   It protects you from negative energy.
 i - a ring of protection from magic (left tentacle)
 o - a ring of see invisible (right tentacle)
Wands
 r - a wand of enslavement (4)
 t - a wand of flame (12)
 x - a wand of disintegration (10)
Scrolls
 k - 10 scrolls of remove curse
 l - 2 scrolls of teleportation
 p - 2 scrolls of enchant weapon
 w - a scroll of identify
Potions
 e - 3 potions of might
 j - a potion of curing
 m - a potion of stabbing
 n - 4 potions of brilliance
 q - a potion of mutation
 u - 5 potions of heal wounds
 v - 5 potions of flight
 z - 3 potions of berserk rage
 A - a potion of ambrosia
Comestibles
 d - 20 rations


   Skills:
 * Level 5.7 Fighting
 * Level 7.8 Short Blades
 * Level 6.3 Throwing
 * Level 6.0 Dodging
 * Level 14.8 Stealth
 * Level 2.0 Invocations


You had 10 spell levels left.
You didn't know any spells.
Your spell library contained the following spells:

 Spells                   Type           Power        Failure   Level  Hunger
 Infusion                 Chrm           #...         26%         1    ##.....
 Magic Dart               Conj           #...         26%         1    ##.....
 Blink                    Tloc           N/A          36%         2    ###....
 Call Imp                 Summ           #.......     36%         2    ###....
 Shroud of Golubria       Chrm/Tloc      #.....       36%         2    ###....
 Slow                     Hex            #.......     36%         2    ###....
 Song of Slaying          Chrm           #.......     36%         2    ###....
 Confusing Touch          Hex            #.......     58%         3    ####...
 Conjure Flame            Conj/Fire      #.......     58%         3    ####...
 Gell's Gravitas          Tloc           #.........   58%         3    ####...
 Mephitic Cloud           Conj/Pois/Air  #.......     58%         3    ####...
 Ozocubu's Armour         Chrm/Ice       #.......     58%         3    ####...
 Spectral Weapon          Hex/Chrm       #.......     58%         3    ####...
 Petrify                  Tmut/Erth      #.......     94%         4    #####..
 Metabolic Englaciation   Hex/Ice        #.........   100%        5    ######.
 Yara's Violent Unravell  Hex/Tmut       #.........   100%        5    ######.


Dungeon Overview and Level Annotations

Branches:
Dungeon (10/15)            Temple (0/1) D:7            Lair (0/6) D:10
  Sewer (visited)
    Orc: D:9-12

Altars:
Ashenzari
Cheibriados
Dithmenos
Elyvilon
Hepliaklqana
Nemelex Xobeh
Okawaru
Qazlal
Trog
Vehumet
Wu Jian
Yredelemnul
The Shining One

Annotations:
D:6 3 runed translucent doors, ew1980's ghost, novice GrFi


Innate Abilities, Weirdness & Mutations

You cannot wear most types of armour.
You are very stealthy in the water. (Stealth+)
You are amphibious.
You can wear up to eight rings at the same time.
You can use your tentacles to constrict eight enemies at once.
Your skin changes colour to match your surroundings (Stealth+).
Your rubbery body absorbs attacks. (AC +1, EV +1)


Message History

There is a stone staircase leading down here.
You hit the quokka. You grab the quokka.
The quokka is lightly wounded.
You constrict the quokka. The wolf completely misses you.
You closely miss the wolf. Your grab misses the wolf.
Your squeeze misses the wolf. You constrict the quokka.
The quokka closely misses you. The wolf bites you!
* * * LOW HITPOINT WARNING * * *
You hit the wolf but do no damage. You grab the wolf.
You constrict the wolf, but do no damage.
You constrict the quokka.
The quokka bites you but does no damage.
The wolf bites you but does no damage.
You hit the wolf. You squeeze the wolf.
The wolf is lightly wounded.
You constrict the wolf. You constrict the quokka.
You kill the quokka!
Dithmenos accepts your kill. The wolf bites you!
You die...

.................#.#.#.#.#.#.#...
..###...########.#.#.#.#.#.#.#...
..# #...# #.#.#.#.....#.#... ..#
#...# #.#.#.#.#.###.#... #.#
#...# #.#.#.###.# #.#...
#.###...# #.#.#.# #.# #.#...
........#### #.#.#.# #.# #.#...
...........# #.#.#.###.# #.#...
.....#####.# #@#.#...#.# #.#...
.....# #.# #h#..<#.#.# #.#...
.....# #.# #.#.......###.....
.....# #.# #.#.#)............
.....# #.# #.................
.....# #.#######.#########.....
.....# #.#.......#.......#.####
.....# #.#.#########.###.#.#...
.....# #.#........##.#.#.#.#.##


You could see a wolf.

Vanquished Creatures
  Gastronok (D:10)
  Maggie (D:6)
  A hornet (D:8)
  A troll (D:9)
  A hungry ghost (D:7)
  Menkaure (D:5)
  An orc warrior (D:8)
  A sky beast (D:8)
  3 ice beasts
  2 phantoms (D:9)
  6 ogres
  3 necrophages
  5 centaurs
  5 big kobolds (Sewer)
  3 bullfrogs
  A gnoll sergeant (D:5)
  4 wights (D:7)
  5 crimson imps
  A centaur zombie (D:7)
  A bullfrog zombie (D:8)
  Crazy Yiuf (D:6)
  4 hounds
  2 jellies
  2 orc priests
  A bullfrog skeleton (D:4)
  5 iguanas
  5 orc wizards
  7 worker ants
  3 hound zombies
  A hound skeleton (D:5)
  12 adders
  11 gnolls
  8 river rats (Sewer)
  A shadow imp (D:7)
  2 adder zombies (D:5)
  2 oozes
  2 adder skeletons (D:6)
  4 worms
  5 dart slugs
  10 leopard geckos
  29 orcs
  8 ball pythons
  6 giant cockroaches
  8 goblins
  10 hobgoblins
  12 jackals
  4 quokkas
  6 bats
  4 frilled lizards
  A jackal skeleton (D:6)
  17 kobolds
  2 quokka skeletons
  21 rats
263 creatures vanquished.

Vanquished Creatures (others)
  A rat (D:3)
  2 fungi (D:6)
  2 plants (D:6)
5 creatures vanquished.

Grand Total: 268 creatures vanquished

Notes
Turn   | Place    | Note
-------+----------+-------------------------------------------
     0 | D:1      | BlueFish the Octopode Assassin began the quest for the Orb.
     0 | D:1      | Reached XP level 1. HP: 14/14 MP: 1/1
   213 | D:1      | Reached XP level 2. HP: 19/19 MP: 2/2
   353 | D:1      | Reached skill level 6 in Stealth
   673 | D:1      | Reached XP level 3. HP: 22/24 MP: 3/3
   989 | D:2      | Found a stormy altar of Qazlal.
  1034 | D:2      | Noticed an ice beast
  1053 | D:2      | Killed an ice beast
  1053 | D:2      | Reached skill level 7 in Stealth
  1053 | D:2      | Reached XP level 4. HP: 30/30 MP: 4/4
  1053 | D:2      | Reached XP level 5. HP: 35/35 MP: 5/5
  1695 | D:3      | Found a shattered altar of Ashenzari.
  1695 | D:3      | Found a radiant altar of Vehumet.
  1696 | D:3      | Found a snail-covered altar of Cheibriados.
  1716 | D:3      | Found a bloodstained altar of Trog.
  1755 | D:3      | Noticed a centaur
  1940 | D:3      | Found a white marble altar of Elyvilon.
  2255 | D:3      | Found a faded altar of an unknown god.
  2778 | D:3      | Killed a centaur
  2778 | D:3      | Reached XP level 6. HP: 31/41 MP: 6/6
  2992 | D:4      | Reached skill level 8 in Stealth
  3298 | D:4      | Reached XP level 7. HP: 45/45 MP: 7/7
  3413 | D:4      | Found a sparkling altar of Nemelex Xobeh.
  3417 | D:4      | Found a glowing golden altar of the Shining One.
  3803 | D:4      | Reached skill level 9 in Stealth
  3849 | D:5      | Entered Level 5 of the Dungeon
  3895 | D:5      | Noticed Menkaure
  3900 | D:5      | Killed Menkaure
  4402 | D:5      | Reached XP level 8. HP: 22/52 MP: 8/8
  5118 | D:5      | Found an ornate altar of the Wu Jian Council.
  5259 | D:5      | Reached skill level 5 in Short Blades
  5259 | D:5      | Reached skill level 10 in Stealth
  5521 | D:6      | Found a runed translucent gate.
  5521 | D:6      | Found a runed translucent gate.
  5521 | D:6      | Found a runed translucent gate.
  5522 | D:6      | Noticed a kobold demonologist
  5524 | D:6      | Noticed ew1980's ghost (novice GrFi)
  5593 | D:6      | Noticed Maggie
  5620 | D:6      | Found a glowing drain.
  5678 | Sewer    | Entered a sewer
  6107 | Sewer    | Reached XP level 9. HP: 55/58 MP: 9/9
  6180 | Sewer    | Reached skill level 5 in Throwing
  6182 | Sewer    | Reached skill level 11 in Stealth
  6397 | D:6      | Found a shadowy altar of Dithmenos.
  6400 | D:6      | Became a worshipper of Dithmenos the Shadowed
  6562 | D:6      | Found a runed translucent door.
  6563 | D:6      | Noticed Crazy Yiuf
  6570 | D:6      | Killed Crazy Yiuf
  6743 | D:6      | Killed Maggie
  7132 | D:7      | Found a basalt altar of Yredelemnul.
  7135 | D:7      | Found an iron altar of Okawaru.
  7138 | D:7      | Found a hazy altar of Hepliaklqana.
  7179 | D:7      | Reached skill level 5 in Dodging
  7202 | D:7      | Reached * piety under Dithmenos
  7213 | D:7      | Reached skill level 12 in Stealth
  7220 | D:7      | Identified a scroll of acquirement
  7220 | D:7      | Identified the ring of Hamotoc {rF+ rN+ Int+3} (You
                  | acquired it on level 7 of the Dungeon)
  7241 | D:7      | Found a staircase to the Ecumenical Temple.
  8205 | D:8      | Reached skill level 5 in Fighting
  8205 | D:8      | Reached XP level 10. HP: 66/66 MP: 10/10
  8342 | D:8      | Paralysed by a hornet for 3 turns
  8350 | D:8      | Paralysed by a hornet for 2 turns
  8359 | D:8      | Paralysed by a hornet for 1 turns
  8811 | D:8      | Found a sparkling altar of Nemelex Xobeh.
  8815 | D:8      | Reached skill level 13 in Stealth
  9584 | D:9      | Reached ** piety under Dithmenos
 10305 | D:10     | Entered Level 10 of the Dungeon
 10316 | D:10     | Found a staircase to the Lair.
 10426 | D:10     | Noticed Gastronok
 10446 | D:10     | Killed Gastronok
 10446 | D:10     | Reached skill level 14 in Stealth
 10446 | D:10     | Reached XP level 11. HP: 13/72 MP: 10/12
 10453 | D:9      | Slain by a wolf

Levels and vault maps discovered:
D:1:      dpeg_arrival_signposts, layout_loops_ring
D:2:      layout_loops_ring, nicolae_overflow_crystal_walls, first_ration
D:3:      layout_basic, nicolae_overflow_quartered_altars, elyvilon_altar_4,
          chequers_ecumenical_altar_lobes, feat_on_display
D:4:      layout_rooms, gammafunk_temple_overflow_statue
D:5:      layout_gridville, old_standard_altar, uniq_menkaure
D:6:      layout_rooms, basic_altar, gammafunk_ghost_nasty_kobolds,
          portal_sewer_entry_f, uniq_maggie, uniq_crazy_yiuf_cottage
D:7:      layout_basic, grunt_temple_overflow_diamond,
          minmay_temple_entry_sparse_star, grunt_ogre_cave
D:8:      layout_layer_cave, grunt_decor_resistance, nemelex_dance_club_becter
D:9:      layout_basic
D:10:     layout_gridville, erik_lair_island, hiddenorc2_lemuel,
          ebering_ghost_rock_garden, ashenzari_altar_1, uniq_josephine,
          uniq_gastronok

Skill      XL: |  1  2  3  4  5  6  7  8  9 10 |
---------------+-------------------------------+-----
Stealth        | 6 7 8 9 10 12 14 | 14.8
Short Blades   | 3 4 5 6 7 |  7.8
Dodging        | 2 4 5 6 |  6.0
Throwing       | 3 4 5 6 |  6.3
Fighting       | 3 4 5 |  5.7
Invocations    | 2 |  2.0

Action                   |  1- 3 |  4- 6 |  7- 9 | 10-12 || total
-------------------------+-------+-------+-------+-------++-------
Melee: Dagger            |    54 |   131 |   457 |   145 ||   787
       Constrict         |    15 |    28 |    85 |    16 ||   144
       Tentacles         |     5 |    24 |    85 |    36 ||   150
Throw: Dart              |     8 |    23 |    45 |     1 ||    77
  Use: Scroll            |     4 |     5 |    12 |     5 ||    26
       Potion            |       |       |       |     6 ||     6
 Stab: Sleeping          |     8 |    13 |    43 |    20 ||    84
       Distracted        |       |     1 |     1 |     1 ||     3
       Invisible         |       |       |       |     1 ||     1
  Eat: Chunk             |       |     7 |    19 |     8 ||    34
Armor: Skin              |     5 |    24 |    62 |    13 ||   104
Dodge: Dodged            |    31 |    66 |   225 |    88 ||   410

Table legend:
 A = Non-vault XP
 B = Vault XP
 C = Vault XP percentage of total XP
 D = Non-vault monster count
 E = Vault monster count
 F = Vault count percentage of total count
                 A         B        C        D         E       F
            +---------+---------+-------+---------+---------+-------
      Total |    5608 |    3865 |  40.8 |     202 |      61 |  23.2
            +---------+---------+-------+---------+---------+-------
        D:1 |      40 |       0 |   0.0 |      19 |       0 |   0.0
        D:2 |     191 |       0 |   0.0 |      23 |       0 |   0.0
        D:3 |     197 |       0 |   0.0 |      27 |       0 |   0.0
        D:4 |     489 |       0 |   0.0 |      30 |       0 |   0.0
        D:5 |     687 |     157 |  18.6 |      24 |       1 |   4.0
        D:6 |     572 |     454 |  44.2 |      24 |       8 |  25.0
        D:7 |     837 |     118 |  12.4 |      13 |       1 |   7.1
        D:8 |    1393 |     129 |   8.5 |      23 |       2 |   8.0
        D:9 |    1202 |       0 |   0.0 |      19 |       0 |   0.0
       D:10 |       0 |    2338 | 100.0 |       0 |       1 | 100.0
      Sewer |       0 |     669 | 100.0 |       0 |      48 | 100.0
            +---------+---------+-------+---------+---------+-------
